[Event "Speed Chess Championship 2022 - Evento "]
[Site "Chess.com"]
[Date "2022.11.23"]
[Round "3"]
[White "Erigaisi, Arjun"]
[Black "Caruana, Fabiano"]
[Result "0-1"]
[WhiteElo "2718"]
[BlackElo "2766"]
[ECO "C42"]
[EventDate "2022.??.??"]
[Annotator "rafael"]
[PlyCount "94"]
[Beauty "7152194289671"]
[EventType "team-tourn"]
[TimeControl "60+1"]

1.e4 e5 2.Nf3 Nf6 {Caruana played the Petroff in several games during the match. This is one of the most reliable defenses for Black and it's no wonder that many elite players are happy playing it.} 3.Nxe5 d6 4.Nf3 Nxe4 5.Nc3 {This line has a good reputation. Caruana has great experience in it, having played this position with both White and Black, including a game in the World Championship match against Carlsen.} 5...Nxc3 6.dxc3 Be7 7.Bd3 ( 7.Be3 {The aforementioned game followed:} 7...O-O 8.Qd2 Nd7 9.O-O-O Nf6 10.Bd3 c5 11.Rhe1 Be6 12.Kb1 Qa5 13.c4 Qxd2 14.Bxd2 h6 {and the game was later drawn. Carlsen - Caruana, London 2018.} ) 7...O-O 8.O-O Nd7 9.Re1 Nc5 10.Bf4 {If it had been a game at normal time control, Erigaisi would probably have moved the d3-bishop to avoid the exchange. In a bullet game, this is just a minor detail. Or is it not $2 As we will see, the pair of bishops was crucial to Caruana's victory.} 10...Nxd3 11.Qxd3 Re8 12.h3 h6 13.Re2 Bf6 14.Rae1 Rxe2 15.Rxe2 Bd7 {The position is objectively equal, although it's usually better to be the one with the bishops.} 16.Nd2 {Trying to activate the knight.} 16...Qf8 {A nice move, preparing to bring the rook to e8.} 17.Qf3 ( 17.Ne4 {is better.} 17...Be7 18.c4 Bc6 19.b3 {with equal play.} ) 17...Bc6 18.Ne4 Be7 19.Qg3 f5 $1 {[%c_effect f5;square;f5;type;GreatFind;persistent;true] Pushing the knight back.} 20.Nd2 g5 $1 21.Nb3 Re8 ( 21...Bf6 {is more accurate.} 22.Nd4 Kh7 23.Bd2 {with roughly equal play.} ) 22.Nd4 Bd7 23.Bd2 $6 ( 23.h4 $1 {[%c_effect h4;square;h4;type;GreatFind;persistent;true] is unpleasant for Black due to a nice tactical idea after} 23...Qf6 $2 ( 23...g4 {is better.} ) 24.hxg5 hxg5 25.Bxg5 $1 {[%c_effect g5;square;g5;type;GreatFind;persistent;true] This was probably missed—it was a bullet game, after all.} 25...Qxg5 26.Rxe7 $1 Qxg3 27.Rxe8+ Bxe8 28.fxg3 {and White wins a pawn.} ) 23...Bf6 24.Qf3 Rxe2 25.Qxe2 c6 26.Qd3 Bg7 27.c4 {The characteristic of the game doesn't change: Black has the pair of bishops, but the white knight is well-placed. The position is balanced.} 27...Qf6 28.Bc3 Qg6 29.Ne2 Bf8 $5 {[%c_effect f8;square;f8;type;Interesting;persistent;true] A good move, avoiding the exchange. It looks dangerous to grant White the diagonal, but there is no reason to worry.} 30.Qd4 b6 31.a4 $1 {[%c_effect a4;square;a4;type;GreatFind;persistent;true] Creating threats on the queenside.} 31...Kf7 32.a5 c5 33.Qd2 $6 {[%c_effect d2;square;d2;type;Inaccuracy;persistent;true] Now Black gets some advantage.} ( 33.Qd5+ Qe6 34.Qb7 $1 {[%c_effect b7;square;b7;type;GreatFind;persistent;true] The position is equal. An illustrative variation ends in a draw by perpetual check:} 34...bxa5 35.Bxa5 Be7 36.Nc3 Qe1+ 37.Kh2 Qe5+ 38.Kg1 Qe1+ ) 33...Qe6 ( 33...f4 {is also good.} ) 34.axb6 axb6 35.b3 Bc6 {Black's position is more pleasant, but White holds everything until a fatal blunder is made.} 36.Ng3 f4 37.Nf1 d5 38.cxd5 Qxd5 39.f3 Qxd2 40.Nxd2 b5 41.Kf2 Ke6 42.Bb2 b4 43.c3 $2 {[%c_effect c3;square;c3;type;Mistake;persistent;true] The only big mistake in this game—quite an achievement considering the bullet time control. It's not clear how Black can win if White just makes a waiting move.} 43...Bg7 {Suddenly it's all over.} 44.Nb1 Bd5 $1 {[%c_effect d5;square;d5;type;GreatFind;persistent;true] The queenside collapses.} 45.c4 Bxb2 46.cxd5+ Kxd5 47.Nd2 ( 47.Ke2 c4 48.bxc4+ Kxc4 {and the b-pawn decides.} ) 47...Kd4 0-1

[Event "Speed Chess Championship Main Event Qua"]
[Site "Chess.com"]
[Date "2022.11.11"]
[Round "3"]
[White "Paravyan, David"]
[Black "Le, Tuan Minh"]
[Result "1-0"]
[WhiteElo "2586"]
[BlackElo "2542"]
[ECO "B29"]
[EventDate "2022.??.??"]
[Annotator "Rafael Leitao"]
[PlyCount "151"]
[Beauty "5568693538825"]
[EventType "team-tourn"]
[TimeControl "300"]

1.e4 c5 2.Nf3 Nf6 3.Nc3 d5 4.exd5 Nxd5 5.Bb5+ {The players had a theoretical debate in this variation during this dramatic match.} 5...Bd7 6.Ne5 $1 Nf6 ( 6...Bxb5 {This move leads to some complications in which it appears that White has the upper hand.} 7.Qf3 $1 f6 8.Nxb5 Na6 ( 8...fxe5 9.Qxd5 $1 Qxd5 10.Nc7+ Kd7 11.Nxd5 {The endgame is better for White due to the superior pawn structure.} ) 9.Qh5+ g6 10.Nxg6 hxg6 11.Qxh8 Qd7 12.Nc3 Qe6+ 13.Kf1 {Here the computer doesn't see enough compensation for Black.} ) 7.Qf3 Qc8 8.b3 {A new move, not just in the match, but in the whole theory of this line (although we can still have transpositions). Has this been \"kept away,\" especially for the armageddon, or are we going too far into thinking about this sort of thing $2} ( 8.d3 {This was Paravyan's attempt in the previous games and he has a good record with this move.} 8...Bxb5 9.Nxb5 a6 10.Nc3 Nbd7 11.Nxd7 Qxd7 12.Bg5 {This position was played in the match, with a White win.} ) 8...a6 ( 8...Bxb5 {This is the best way, for instance:} 9.Nxb5 a6 10.Nc3 Qc7 11.O-O $1 e6 ( 11...Qxe5 $2 12.Qxb7 ) 12.Re1 Bd6 13.Bb2 O-O ( 13...Bxe5 $2 14.Rxe5 $1 ) 14.Ng4 Nxg4 15.Qxg4 g6 $1 {and Black's problems are solved, according to the machine.} ) 9.Bxd7+ ( 9.Nxd7 {is also possible, transposing to a known position after} 9...Nbxd7 {Now White can choose between 10.Bxd7 and 10. Be2.} 10.Bxd7+ $1 ( 10.Be2 ) 10...Qxd7 11.Bb2 {with a slight advantage. This happened, by a different move order, in the game: Yu-Kovalev, Douglas 2019.} ) 9...Nbxd7 10.Nc4 {Now we are really in uncharted territory.} ( 10.Nxd7 Qxd7 11.Bb2 {trasnposes to the game above.} ) 10...b5 11.Ne3 e6 12.Bb2 Bd6 ( 12...Be7 {is more prudent.} ) 13.Ne4 $6 ( 13.a4 $1 {This move is thematic in many positions: before jumping with the knight, we try to improve the structure on the queenside. Here White fights for advantage.} ) 13...Nxe4 14.Qxe4 O-O {Now Black has a comfortable position.} 15.Qg4 $6 ( 15.O-O ) 15...Be5 16.Bxe5 Nxe5 17.Qg3 Nc6 18.O-O Qd7 19.d3 Nd4 {Black has a small advantage in this position, thanks to the better pawn structure, which gives him more space.} 20.Rae1 Rad8 21.f4 f5 22.Rf2 Rfe8 23.h3 Qd6 24.Nf1 Re7 {The players keep maneuvering and now Paravyan decides to drive the unpleasant knight out of its outpost.} 25.c3 {It's a little scary to create weaknesses in the pawn structure, but this knight needs to be removed. The computer approves the decision.} 25...Nc6 26.Re3 e5 27.fxe5 Rxe5 28.Qg5 {White needs to take risks, so the natural sequence, which leads to simplifications, cannot be chosen.} ( 28.Rxe5 Qxe5 29.Qxe5 Nxe5 30.Rxf5 Nxd3 {With a likely draw.} ) 28...g6 29.Rff3 ( 29.Rfe2 {This keeps the game equal.} ) 29...b4 {By now Black was ahead on the clock.} ( 29...Rde8 {Black has the advantage.} ) 30.Ng3 $2 {Paravyan blunders.} ( 30.cxb4 cxb4 31.Rxe5 Nxe5 {The game ends in a draw after} ( 31...Qxe5 {is also good.} ) 32.Rxf5 Nf7 $1 33.Qg4 Ne5 34.Qg3 Nxd3 35.Qxd6 Rxd6 ) 30...Rxe3 31.Rxe3 Rf8 $1 {This move defends f5 and threatens a fork with the pawn advance.} ( 31...bxc3 32.Nxf5 {This was White's intention. While the position is still defensible, the queen and knight are an explosive combination in fast-paced games.} ) 32.Rf3 ( 32.cxb4 f4 ) 32...Qe5 $2 ( 32...bxc3 $1 {would give the victory in the game and in the match.} 33.Nxf5 Qe5 34.Nh6+ Kg7 {and White's attack is over.} ) 33.cxb4 {Now there is life for White again.} 33...cxb4 34.Re3 Qf6 ( 34...Qa1+ 35.Nf1 ( 35.Kh2 $2 f4 ) 35...Qd4 {with advantage for Black.} ) 35.Qxf6 ( 35.Qf4 ) 35...Rxf6 36.Re8+ Kf7 37.Rh8 Kg7 38.Ra8 {The endgame is even, but both players had about a minute on the clock and anything can happen in these situations.} 38...a5 39.Ne2 Rd6 $6 ( 39...f4 $1 40.Kf2 Ne5 {with an equal position.} ) 40.Ra6 {This move is very unpleasant for Black, nailing the knight and setting up d4-d5.} 40...Kf6 41.Kf2 $6 ( 41.d4 {is better.} 41...Ke6 42.Nf4+ Kd7 43.d5 Ne7 44.Rxa5 {and Black has to fight for a draw.} ) 41...g5 $1 {Taking the f4-square off the knight.} 42.g3 h6 43.d4 ( 43.Nd4 Rxd4 44.Rxc6+ Ke5 45.Ke2 h5 {and the draw is the correct result.} ) 43...Ke7 $2 {A blunder.} ( 43...Ke6 {is the correct move. The king avoids the d5-advance and it's Black who has the advantage.} ) 44.d5 $1 {Now the a5-pawn falls and White has a winning position.} 44...Ne5 45.Rxa5 Kf6 46.Ke3 h5 47.Kd4 h4 {This move accelerates the defeat, but the position was already very difficult.} 48.gxh4 gxh4 49.Nf4 {Now White is completely winning. Paravyan shows great technique and speed to convert it without problems, as long as this is possible with seconds on the clock.} 49...Nf3+ 50.Kc5 Rd8 51.Ra6+ Ke5 52.Ng6+ Ke4 53.Re6+ Kd3 54.d6 Ng5 55.Nf4+ Kc3 56.Re3+ Kb2 57.Re2+ Kc3 58.Kc6 Ne4 59.d7 Nf6 60.Re7 Ra8 61.Nd5+ Nxd5 62.Kxd5 Rd8 63.Ke6 Ra8 64.Re8 Ra6+ 65.Kxf5 Rxa2 66.d8=Q Rf2+ 67.Kg4 Rc2 68.Re3+ Kb2 69.Qf6+ Ka2 70.Qa6+ Kb2 71.Re1 Kxb3 72.Rb1+ Kc3 73.Qc6+ Kd2 74.Qg2+ Kc3 75.Qf3+ Kd2 76.Rd1# {Congratulations to both players for such a fun and hard-fought match $1} 1-0

[Event "Speed Chess Championship Main Event Qua"]
[Site "Chess.com"]
[Date "2022.11.13"]
[Round "3"]
[White "Grischuk, Alexander"]
[Black "Artemiev, Vladislav"]
[Result "1/2-1/2"]
[WhiteElo "2745"]
[BlackElo "2701"]
[ECO "D78"]
[EventDate "2022.??.??"]
[Annotator "rafael"]
[PlyCount "130"]
[Beauty "4879753978375"]
[EventType "team-tourn"]
[TimeControl "300+1"]

{Grischuk is a cult figure in the chess world and one of the greatest blitz players in history—his world titles in this modality speak for themselves. In the post-match interview, he mentioned that he usually loses a lot of games to Artemiev in online chess, and therefore his victory came as a surprise to him. One of the things I appreciate about this great player is that you never know when he's joking and when he's serious.} 
1.Nf3 d5 2.g3 g6 3.Bg2 Bg7 4.d4 Nf6 5.O-O O-O 6.c4 c6 7.Qb3 {Artemiev himself has played this variation with White in a classical game.} 7...a5 {An aggressive move that is one of Black's popular choices.} ( 7...Qb6 8.Nc3 Bf5 9.Qxb6 axb6 10.cxd5 Nxd5 11.Nxd5 cxd5 12.Bd2 Nc6 13.e3 {And the game is equal, but Artemiev is a supreme master at winning this kind of position. Artemiev-Murzin, Sochi 2017.} ) 8.cxd5 a4 9.Qd1 cxd5 10.Nc3 Qa5 11.Bd2 Nc6 12.e3 Qa6 13.Re1 {13.Ne5 is another attempt to get the upper hand. It was played in a correspondence game and this is usually a good indication that the move is good.} ( 13.Ne5 Rd8 14.Rc1 ( 14.f4 {is a possible improvement.} ) 14...Nxe5 15.dxe5 Ne4 16.f4 Bf5 {and Black is fine. Grott-Wittal, email 2014.} ) 13...a3 {A new move.} ( 13...Bf5 14.Bf1 Qa7 15.h3 h5 {with an equal position. Nakamura-Svidler, St. Louis (rapid) 2021.} ) ( 13...Rd8 14.Bf1 Qa7 15.h3 h6 {Svidler-Ding, Legends of Chess (rapid) 2020.} ) 14.bxa3 ( 14.Bf1 {It seems logical to bother the queen on a6.} 14...Qb6 15.bxa3 Rxa3 16.Rb1 Qd8 {White has a slight advantage.} ) ( 14.b3 {is also possible.} ) 14...Qxa3 15.Qb3 ( 15.Nb5 {This doesn't offer much either.} 15...Qa4 16.Qxa4 Rxa4 {with an equal endgame.} ) 15...Qxb3 16.axb3 Bf5 17.Ne5 e6 18.Nxc6 bxc6 {Now the position is a bit unpleasant for White, as the b3-pawn can be attacked.} 19.Rxa8 $6 ( 19.b4 {This should be enough for a draw.} 19...Nd7 ( 19...Rfb8 20.Ra5 $1 ) ( 19...Rab8 20.Ra6 ) 20.Bf1 ) 19...Rxa8 20.Rc1 $6 ( 20.Na4 {is better.} ) 20...Rb8 21.Na4 $6 {Another inaccuracy and now Black has good winning chances.} ( 21.f3 $1 {leads to some simplifications and White has drawing chances in the endgame a pawn down after:} 21...Rxb3 22.e4 dxe4 23.fxe4 Rb2 $1 24.exf5 Rxd2 25.fxe6 fxe6 26.h3 ) 21...Rxb3 22.Rxc6 Rd3 $1 {White has problems with the back rank.} 23.Rc2 ( 23.Be1 $2 Rd1 ) 23...Bf8 $1 ( 23...Rxe3 $4 {Of course this is bad because White has an intermediate check before capturing the rook.} 24.Rc8+ ) 24.Ra2 $2 {This move loses due to a nice tactical shot.} ( 24.Rb2 $2 {loses to} 24...Ra3 $1 25.Nc5 Ra1+ 26.Bf1 Bh3 ) ( 24.Nc5 Rxd4 25.Nb3 Bxc2 26.Nxd4 Ba4 {Black has good winning chances, but the game is not over—with pawns on only one side of the board, it is possible to fight for a draw.} ) 24...Bb4 $1 25.g4 {The only chance.} ( 25.Bxb4 Rd1+ 26.Bf1 Bh3 {and Black mates.} ) 25...Bxg4 26.h3 Rxd2 27.Rxd2 Bxd2 28.hxg4 Nxg4 29.Kf1 Nxe3+ $1 {The best way to convert the advantage.} 30.fxe3 Bxe3 31.Nc5 Bxd4 32.Nd3 f5 {With five pawns for the piece, Black has an \"easy\" victory ahead, under normal circumstances. Grischuk mentioned in the interview that he had even considered resigning. But in blitz games, anything can happen.} 33.Bf3 Kf7 34.Bd1 Ke7 35.Ba4 Kd6 36.Be8 Ke7 37.Bc6 g5 38.Bb7 h5 39.Bc8 Kd6 40.Ne1 Bf6 41.Nc2 g4 42.Na3 Bd8 43.Nb5+ Ke5 44.Na7 Bb6 45.Nc6+ Kd6 46.Nb4 h4 47.Kg2 h3+ 48.Kg3 f4+ 49.Kh2 Bd4 50.Nd3 Be3 51.Ne1 Bf2 52.Nd3 Bg3+ 53.Kh1 f3 54.Nb4 {Artemiev methodically advanced his pawns and the game is nearing its end, but now the unbelievable happens.} 54...e5 {This move still doesn't spoil anything.} ( 54...Be5 {Followed by the advance of the g-pawn, is probably the simplest.} ) 55.Bxg4 f2 $4 {The real blunder.} ( 55...e4 56.Nc2 ( 56.Bxh3 e3 ) 56...Ke5 57.Bxh3 d4 58.Kg1 e3 {and the pawns decide.} ) 56.Bxh3 e4 57.Kg2 Bh4 58.Nxd5 Kxd5 59.Bg4 Kd4 60.Kf1 Ke3 61.Be2 Kd2 62.Ba6 e3 63.Be2 Bg3 64.Bh5 e2+ 65.Bxe2 Bh4 1/2-1/2

[Event "Tata Steel Chess India Rapid 2022"]
[Site "Chess.com"]
[Date "2022.11.29"]
[Round "3"]
[White "So, Wesley"]
[Black "Mamedyarov, Shakhriyar"]
[Result "0-1"]
[WhiteElo "2760"]
[BlackElo "2741"]
[ECO "E11"]
[EventDate "2022.??.??"]
[Annotator "rafael"]
[PlyCount "70"]
[Beauty "7973069946426"]
[EventType "rapid"]
[TimeControl "1500+10"]

1.d4 Nf6 2.Nf3 e6 3.c4 Bb4+ {The Bogo-Indian Defense is not very popular among the elite, but it's a great defense, especially for club-level players, as the plans are easier to understand than, for example, the Queen's Indian, one of the most positionally complex openings in chess.} 4.Nbd2 d5 {This move has a dubious reputation, but Mamedyarov played it in the first round of the tournament and in the Olympiad as well, so it's clear he has his own opinion.} 5.Qa4+ {This is the critical move.} ( 5.e3 {Gukesh played this in the aforementioned game. Mamedyarov managed to win this one as well—surely a great advertisement for the Bogo.} ) 5...Nc6 6.a3 Be7 7.e3 {The problem with Black's position is the knight on c6, which is why this line is not popular. This poor knight has such a bad reputation because it hinders the c-pawn advance and Black's development. But is this bad reputation justified $2} 7...a5 $1 {[%c_effect a5;square;a5;type;GreatFind;persistent;true] An important move. Maybe White will move the queen to c2, and now Black is ready to advance the pawn to a4 and improve the pawn structure on the queenside. If you find this too abstract, remember that this is not a Sicilian, where the plans are usually geared toward checkmating: the game is more subtle and delicate in some defenses against the queen's pawn openings.} 8.b4 {Again, the most critical.} ( 8.Bd3 O-O 9.O-O Bd7 10.Qc2 a4 11.Ne5 Na5 {and Black was fine in Yilmaz - Mamedyarov, Chennai 2022.} ) ( 8.Qc2 a4 $1 9.cxd5 exd5 10.Bb5 O-O 11.Bxa4 Bd7 12.Bxc6 Bxc6 13.O-O {Here, Black has to demonstrate the compensation for the pawn, although, with the light-squared bishop and active pieces, there is certainly something. Korobov - Kuzubov, Lvov 2014.} ) 8...dxc4 $1 {[%c_effect c4;square;c4;type;GreatFind;persistent;true] This is Mamedyarov's idea, leading to an underexplored position that will, I believe, become popular after this game.} ( 8...O-O $6 9.c5 {and Black's position becomes very passive.} ) 9.Nxc4 $2 {[%c_effect c4;square;c4;type;Mistake;persistent;true] A novelty and also a rare opening error by So, one of the elite grandmasters with the best theoretical preparation out there.} ( 9.b5 $1 {[%c_effect b5;square;b5;type;GreatFind;persistent;true] is necessary. Now Black has a difficult decision.} 9...Na7 $5 {[%c_effect a7;square;a7;type;Interesting;persistent;true] I believe this move is the most accurate, simply due to the fact that it was played in a recent correspondence game and Black survived.} ( 9...Nb8 10.Nxc4 O-O 11.Bd3 {White has some advantage. The difference in development is clear.} ( 11.Bb2 {Aditya - Jumabayev, Sharjah 2022.} ) ) 10.Nxc4 O-O 11.Bd3 b6 {Diaz - Nekhaev, ICCF email 2020. The position of the knight on a7 is awkward, but Black will try to break through on c6 and bring that knight back into play at some point. This seems to be a critical position for evaluating Black's opening.} ) 9...b5 $3 {[%c_effect b5;square;b5;type;Brilliant;persistent;true] Now Black has a very strong counterplay.} 10.Qxb5 Bd7 11.Qg5 {This move seems forced to human eyes, but actually, there is an alternative.} ( 11.bxa5 $5 {[%c_effect a5;square;a5;type;Interesting;persistent;true] Only a computer would have the courage to play such a move.} 11...Nb4 ( 11...Nxd4 12.Qb2 Nxf3+ 13.gxf3 {leads to an unclear position.} ) 12.Qxb4 $1 {[%c_effect b4;square;b4;type;GreatFind;persistent;true] This is the point. Crazy, But I've seen Kasparov play similar sacrifices before.} 12...Bxb4+ 13.axb4 {A queen is a queen, but maybe White has some compensation. I'd never play this anyway.} ) 11...axb4 12.Qxg7 $2 {[%c_effect g7;square;g7;type;Mistake;persistent;true] Now White is lost.} ( 12.Bd3 {This is the lesser evil.} ) 12...Rg8 13.Qh6 bxa3 {The queen is out of play, and the g8-rook makes it difficult for White to complete his development, as we will see.} 14.Be2 ( 14.Bxa3 {Here, Black has many ways to win. One of them is:} 14...Rg6 15.Qf4 Nb4 16.Rc1 Rxa3 $1 17.Nxa3 Nbd5 {and the a3-knight is lost.} ) 14...Rxg2 {White's king has nowhere to hide.} 15.Nfe5 Nxe5 16.Nxe5 ( 16.dxe5 {Again, Black has many winning continuations. Let's see one of them:} 16...Ne4 17.Qxh7 Bb4+ 18.Bd2 ( 18.Kf1 Rxf2+ 19.Kg1 Qg5+ ) 18...Nxd2 19.Qh8+ Ke7 20.Qf6+ Kf8 21.Qh8+ Rg8 {and there is no perpetual check.} ) 16...Rg8 $1 17.Bf3 Qb8 $1 {[%c_effect b8;square;b8;type;GreatFind;persistent;true] Mamedyarov plays with great precision. He brings the queen to the attack and is not afraid of sacrificing the exchange.} 18.e4 ( 18.Bxa8 Qxa8 19.f3 Qa4 {With a devastating attack.} ) 18...Qb3 19.Qe3 Bb4+ 20.Bd2 Qb2 $1 21.Nxd7 Nxd7 22.Bxb4 ( 22.Rd1 a2 {The a-pawn decides the game.} ) 22...Qxa1+ 23.Ke2 Qb2+ 24.Qd2 c5 $1 {[%c_effect c5;square;c5;type;GreatFind;persistent;true] Another blow.} 25.e5 ( 25.dxc5 Ne5 {and the knight comes to the party.} ) 25...Rb8 26.Bc3 Qxd2+ 27.Kxd2 cxd4 28.Bxd4 Rb3 29.Rc1 Ke7 30.Bd1 Rb5 31.Rc7 Rd5 32.Ke3 Rb8 33.Bc2 Kd8 34.Ra7 Nxe5 35.Be4 Ra5 {A beautiful victory for Mamedyarov.} 0-1